AoeStats
← Blazing Cartesia, The Virtuous

Arabia

510353438Analyzed
1v1 RM · 10h ago on Sep 30, 2026· 50m 34s· 2 players
Game mode
Random Map
Map size
Tiny (2 player)
Population
200
Speed
Normal
Resources
Standard
Victory
Conquest
Starting age
Dark Age
Ending age
Imperial Age
RankedLock teamsTeams togetherTeam positionsShared explorationLock speedFull tech treeHidden civsTurbo modeCheats
Victory
Defeat
1246
+17
🇻🇳 Vietnamese · Vietnam
1269
-17
Blazing Cartesia, The Virtuous
6:26 Loom
9:06 Feudal Age
9:30 Double-Bit Axe
10:13 Horse Collar
14:48 Fletching
19:48 Wheelbarrow
19:51 Gold Mining
22:05 Castle Age
21:19 Bloodlines
22:30 Scale Barding Armor
23:06 Husbandry
23:18 Heavy Plow
23:30 Bow Saw
24:01 Forging
27:31 Gold Shaft Mining
30:50 Hand Cart
31:29 Stone Mining
32:09 Ballistics
32:12 Town Watch
34:03 Stone Shaft Mining
35:36 Fervor
35:06 Light Cavalry
39:01 Imperial Age
39:37 Chain Barding Armor
39:53 Iron Casting
38:54 Cavalier
39:02 Heavy Scorpion
40:09 Masonry
39:56 Murder Holes
40:40 Conscription
40:22 Savar
42:11 Chemistry
42:05 Plate Barding Armor
41:29 Bodkin Arrow
42:35 Blast Furnace
43:09 Elite War Elephant
44:24 Hoardings
45:37 Kamandaran
47:03 Padded Archer Armor
46:57 Hussar
kazushitachie
6:53 Loom
9:40 Feudal Age
10:58 Wheelbarrow
10:12 Double-Bit Axe
10:08 Horse Collar
15:37 Fletching
19:09 Gold Mining
21:22 Padded Archer Armor
23:35 Forging
23:26 Scale Mail Armor
26:00 Castle Age
26:59 Hand Cart
26:57 Bow Saw
26:48 Heavy Plow
26:12 Crossbowman
27:04 Bodkin Arrow
29:00 Stone Mining
29:00 Pikeman
29:41 Squires
29:42 Scale Mail Armor
29:54 Forging
32:08 Town Watch
33:28 Ballistics
37:29 Imperial Age
35:15 Arson
36:36 Chatras
38:54 Scale Barding Armor
39:26 Iron Casting
39:03 Bracer
39:10 Arbalester
40:56 Chemistry
40:38 Bloodlines
40:28 Husbandry
41:05 Paper Money
42:08 Elite Rattan Archer
42:57 Halberdier
44:44 Chain Mail Armor
47:02 Plate Mail Armor
49:01 Leather Archer Armor
Connection lost

Rejoining the realm…

Still unreachable

The connection could not be restored.

Session expired

The server has moved on; the page needs a fresh start.